Cogmind - Beta 12 @@@ ROGUE MODE // 2023.10.07 @ 16:08:45 Player: Finestep Result: Self-destructed Performance ------------- Evolutions (3) 1500 Regions Visited (8) 1600 Robots Destroyed (137) 685 Value Destroyed (4775) 4775 Prototype IDs (14) 280 Alien Tech Used (0) 0 Bonus (968) 968 TOTAL SCORE: 9808 Bonus ------- High Alert Combat Kills 268 Entered Garrisons 200 Used RIF Installer 500 Cogmind --------- Core Integrity 279/700 Matter 10/300 Energy 100/100 System Corruption 9% Temperature Cool (27) Movement Core (1400) Ox27 Location -7/Factory Parts ------- > --- POWER (1) -------- (None) > --- PROPULSION (4) --- (None) > --- UTILITY (6) ------ Huge Storage Unit Machine Analyzer Transport Network Coupler Advanced Targeting Computer Hacking Suite Relay Coupler [NC] (23) > --- WEAPON (2) ------- Gauss Rifle > --- INVENTORY (25) --- Advanced Treads Armored Wheel Armored Wheel Improved Flight Unit Improved Flight Unit Improved Flight Unit Improved Flight Unit Xenon Bombardment Thruster Xenon Bombardment Thruster Small Storage Unit Improved Signal Interpreter Hardened Medium Armor Plating Hardened Medium Armor Plating Improved Light Armor Plating Hacking Suite Relay Coupler [NC] (24) Relay Coupler [Sentry] (24) Heavy Assault Rifle Missile Launcher Rocket Array Improved Datajack Remote Datajack Katana Peak State ------------ > --- POWER ------------ Improved Deuterium Engine > --- PROPULSION ------- Improved Treads Improved Heavy Treads Armored Wheel > --- UTILITY ---------- Huge Storage Unit Machine Analyzer Transport Network Coupler Advanced Targeting Computer Hacking Suite Relay Coupler [NC] > --- WEAPON ----------- Gauss Rifle Gauss Rifle > --- INVENTORY -------- Light Deuterium Engine Advanced Treads Armored Wheel Armored Wheel Improved Flight Unit Improved Flight Unit Improved Flight Unit Improved Flight Unit Xenon Bombardment Thruster Xenon Bombardment Thruster Small Storage Unit Improved Signal Interpreter Hardened Medium Armor Plating Hardened Medium Armor Plating Improved Light Armor Plating Hacking Suite Relay Coupler [NC] Relay Coupler [Sentry] Heavy Assault Rifle Gauss Rifle Missile Launcher Rocket Array Improved Datajack Remote Datajack Katana [Rating: 49] Favorites ----------- Power Light Ion Engine Engine Light Ion Engine Power Core Light Nuclear Core Propulsion Improved Treads Treads Improved Treads Leg Aluminum Leg Wheel Armored Wheel Flight Unit Improved Flight Unit Utility High-capacity Storage Unit Device Seismic Detector Storage High-capacity Storage Unit Processor Advanced Targeting Computer Hackware Hacking Suite Protection Hardened Medium Armor Plating Weapon Light Assault Rifle Energy Gun Small Laser Ballistic Gun Light Assault Rifle Launcher Grenade Launcher Special Weapon Mining Laser Slashing Weapon Katana Build | -11 -10 -10 -10 -9 -8 -8 -8 -7 ------- Run | Jun Mat Min Exi Min Mat Gar Mat Fac Slots Evolved 6 | . . . . . 4 . . 2 Power . | . . . . . . . . . Propulsion 2 | . . . . . 2 . . . Utility 4 | . . . . . 2 . . 2 Weapon . | . . . . . . . . . Parts Attached 165 | 7 35 10 . . 74 11 5 23 Power 13 | 1 3 1 . . 6 1 . 1 Engine 11 | 1 3 1 . . 4 1 . 1 Core 2 | . . . . . 2 . . . Reactor . | . . . . . . . . . Propulsion 54 | 2 9 2 . . 32 4 1 4 Treads 27 | . 3 . . . 19 2 . 3 Leg 19 | 2 4 2 . . 11 . . . Wheel 6 | . 2 . . . 1 2 1 . Hover . | . . . . . . . . . Flight 2 | . . . . . 1 . . 1 Utility 34 | 2 6 1 . . 15 4 1 5 Device 9 | 1 3 1 . . 4 . . . Storage 5 | 1 2 . . . 1 . 1 . Processor 5 | . 1 . . . 2 . . 2 Hackware 3 | . . . . . . . . 3 Protection 12 | . . . . . 8 4 . . Artifact . | . . . . . . . . . Weapon 64 | 2 17 6 . . 21 2 3 13 Energy Gun 9 | 1 3 . . . 5 . . . Energy Cannon . | . . . . . . . . . Ballistic Gun 38 | 1 12 4 . . 11 1 2 7 Ballistic Cannon . | . . . . . . . . . Launcher 8 | . 1 2 . . 2 . . 3 Special Weapon 3 | . 1 . . . 1 . . 1 Impact Weapon . | . . . . . . . . . Slashing Weapon 6 | . . . . . 2 1 1 2 Piercing Weapon . | . . . . . . . . . Special Melee Weapon . | . . . . . . . . . Unidentified Prototypes 5 | . . . . . 3 . . 2 Parts Lost 35 | . 1 3 . . 20 1 . 10 Power 7 | . 1 1 . . 3 . . 2 Propulsion 13 | . . . . . 8 . . 5 Utility 7 | . . . . . 6 . . 1 Weapon 8 | . . 2 . . 3 1 . 2 Highest Loss Streak 9 | . 1 1 . . 7 1 . 9 To Critical Strikes . | . . . . . . . . . Average Slot Usage (%) 94 | . 99 99 100 100 90 92 100 93 Engine 10 | . 13 13 14 14 7 9 9 7 Treads 17 | . 10 . . . 26 34 18 14 Leg 10 | . 16 15 28 28 8 . . . Wheel 3 | . . 12 . . . 1 18 14 Device 7 | . 8 14 14 14 7 5 . . Storage 11 | . 14 14 14 14 10 9 9 7 Processor 5 | . 4 . . . 3 9 9 16 Protection 4 | . . . . . 6 6 18 7 Energy Gun 2 | . 5 . . . 3 . . . Ballistic Gun 18 | . 22 27 28 28 14 16 16 14 Naked Turns . | . . . . . . . . . Heaviest Build 108 | 11 48 50 46 46 70 67 108 108 Greatest Support 89 | 20 40 30 30 30 89 89 24 75 Greatest Overweight (x) 8 | 2 4 4 1 1 3 5 4 8 Average Overweight (x) 1 | . . 1 1 1 . . 3 3 Largest Inventory Capacity 25 | 8 20 20 20 20 20 20 25 25 Average Capacity 19 | 7 13 20 20 20 20 20 22 25 Most Carried 25 | 7 18 20 18 19 20 20 23 25 Average Carried 17 | 5 10 19 18 18 18 19 21 24 Final Capacity 25 | 8 20 20 20 20 20 20 25 25 Final Carried 23 | 7 18 18 18 19 20 20 23 23 Class Distribution -------------------- 64% | Mutant 35% | Scavenger-Mutant Dominant Class ---------------- Mutant | -10/Materials Mutant | -10/Mines Mutant | -10/Exiles Mutant | -9/Mines Mutant | -8/Materials Mutant | -8/Garrison Scavenger-Mutant | -8/Materials Scavenger-Mutant | -7/Factory Resources | -11 -10 -10 -10 -9 -8 -8 -8 -7 ----------- Run | Jun Mat Min Exi Min Mat Gar Mat Fac Matter Collected 3678 | 274 508 170 . 17 1695 304 266 444 Remotely . | . . . . . . . . . Salvage Created 5364 | 94 818 234 . 22 2475 356 357 1008 Parts 293 | 7 53 23 . 1 117 15 17 60 Haulers Intercepted 11 | . 2 . . . 6 . 2 1 Recyclers Shooed 7 | . . 1 . . 2 . 1 3 Parts Field Recycled . | . . . . . . . . . Retrieved Matter . | . . . . . . . . . Parts Self-Destructed . | . . . . . . . . . Prevented . | . . . . . . . . . Kills | -11 -10 -10 -10 -9 -8 -8 -8 -7 ------- Run | Jun Mat Min Exi Min Mat Gar Mat Fac Combat Hostiles Destroyed 97 | . 14 12 . . 36 8 5 22 Guns 78 | . 14 7 . . 34 7 5 11 AOE 18 | . . 5 . . 1 1 . 11 Classes Destroyed 18 | 2 6 2 . . 5 . . 3 Worker 9 | . . 1 . 1 5 . . 2 Builder 4 | . . . . . 1 . . 3 Tunneler 2 | 1 1 . . . . . . . Hauler 11 | . 2 . . . 6 . 2 1 Recycler 10 | 1 2 . . . 4 . . 3 Mechanic 2 | . 1 . . . . . . 1 Operator 3 | . 1 . . . 1 . . 1 Watcher 3 | . 2 . . . 1 . . . Swarmer 25 | . 6 6 . . 4 6 . 3 Grunt 38 | . 8 2 . . 17 . 3 8 Brawler 3 | . . . . . 2 . . 1 Duelist 3 | . . . . . 2 1 . . Protector 3 | . . . . . . . . 3 Sentry 12 | . . . . . 9 1 2 . Specialist 1 | . . . . . . . . 1 Hunter 6 | . . . . . 2 . . 4 Programmer 2 | . . . . . . . . 2 Assembled 4 | . . 4 . . . . . . Best Kill Streak 14 | 2 3 3 . 1 5 3 3 14 Combat Bots Only 12 | . 3 3 . . 4 3 3 12 Max Kills in Single Turn 7 | 1 1 2 . 1 2 2 1 7 Gunslinging 1 | . . . . . 1 1 . . Exploded 5 | . . 2 . . 1 1 . 5 Melee . | . . . . . . . . . Uniques/NPCs Destroyed . | . . . . . . . . . Combat | -11 -10 -10 -10 -9 -8 -8 -8 -7 -------- Run | Jun Mat Min Exi Min Mat Gar Mat Fac Damage Taken 7290 | . 500 551 . . 3021 570 402 2246 Core 1045 | . 91 47 . . 393 9 84 421 Absorbed by Shields . | . . . . . . . . . Reduced by Siege Mode 71 | . . . . . . . . 71 Redirected to Shielding 53 | . . . . . 53 . . . Core Remaining (%) 51 | 100 . . . 44 . . 11 . Volleys Fired 470 | 4 103 39 . 2 209 25 28 60 Largest 2 | 2 2 2 . 2 2 2 2 2 Hottest 110 | 60 100 40 . 40 110 53 53 56 Shots Fired 906 | 8 204 73 . 4 404 48 57 108 Gun 891 | 8 202 70 . 4 401 48 57 101 Cannon . | . . . . . . . . . Launcher 11 | . 1 3 . . 2 . . 5 Special 4 | . 1 . . . 1 . . 2 Kinetic 751 | 4 153 70 . 4 314 48 57 101 Thermal 130 | 4 50 . . . 76 . . . Explosive 11 | . 1 3 . . 2 . . 5 Electromagnetic 12 | . . . . . 12 . . . Robot Hit Streak 18 | 5 12 8 . 8 18 4 16 16 Robot Miss Streak 7 | 1 4 3 . 1 7 3 3 2 Penetration Max 1 | . . . . . . 1 1 1 Secondary Targets 7 | . . . . . 4 1 . 2 Max Gunslinging Chain 1 | . . . . . 1 1 . 1 Shots Hit Robots 592 | 6 116 40 . 3 275 32 45 75 Core Hits 310 | 3 50 29 . 2 113 12 13 88 Critical Kills 1 | . . . . . 1 . . . Critical Parts Destroyed 6 | . . . . . 3 . 2 1 Critical Strikes 8 | . . . . . 4 1 2 1 Destroy 7 | . . . . . 4 . 2 1 Sever 1 | . . . . . . 1 . . Melee Attacks 26 | . . . . . 5 15 3 3 Impact . | . . . . . . . . . Slashing 26 | . . . . . 5 15 3 3 Piercing . | . . . . . . . . . Sneak Attacks 1 | . . . . . 1 . . . Combat Hostiles . | . . . . . . . . . Follow-up Attacks . | . . . . . . . . . Damage Inflicted 10567 | 65 1081 559 . 25 3631 1015 924 3267 Guns 7631 | 65 1050 329 . 25 3453 373 924 1412 Cannons . | . . . . . . . . . Explosions 2230 | . 31 230 . . 114 . . 1855 Melee 706 | . . . . . 64 642 . . Ramming . | . . . . . . . . . Kinetic 6479 | 19 668 329 . 25 2729 373 924 1412 Thermal 1053 | 46 382 . . . 625 . . . Explosive 2129 | . 31 230 . . 114 . . 1754 Electromagnetic 200 | . . . . . 99 . . 101 Impact . | . . . . . . . . . Slashing 706 | . . . . . 64 642 . . Piercing . | . . . . . . . . . Highest Corruption 8 | . . . . . 2 2 2 8 Average Corruption 2 | . . . . . 2 2 2 3 Corruption Purged . | . . . . . . . . . Corruption Blocked . | . . . . . . . . . Effects 42 | . . . . . 18 9 5 10 Message Errors 8 | . . . . . 4 2 . 2 Matter Fused 17 | . . . . . 9 3 2 3 Heat Flow Errors 2 | . . . . . . . 1 1 Energy Discharges 5 | . . . . . 2 1 . 2 Parts Fused 1 | . . . . . . . . 1 Data Loss (minor) 1 | . . . . . 1 . . . Data Loss (major) 2 | . . . . . . 1 1 . Misfires 2 | . . . . . . 1 1 . Alerts 3 | . . . . . 1 1 . 1 Weapon Failures 1 | . . . . . 1 . . . Overload Shots . | . . . . . . . . . Overflow Damage 126 | . . 6 . . 34 81 . 5 Projectiles . | . . . . . . . . . Explosions 11 | . . 6 . . . . . 5 Melee 115 | . . . . . 34 81 . . Knockbacks . | . . . . . . . . . Impact . | . . . . . . . . . Kinetic . | . . . . . . . . . Secondary . | . . . . . . . . . Self-Inflicted Damage 80 | . . 4 . . 27 . . 49 Shots 5 | . . 1 . . 1 . . 3 Rammed . | . . . . . . . . . Targets Rammed . | . . . . . . . . . Kicked . | . . . . . . . . . Crushed . | . . . . . . . . . Highest Temperature 255 | 40 108 18 . . 253 52 196 255 Average Temperature 43 | 22 35 8 . . 41 17 85 26 Received Heat Transfer 2346 | . 204 66 . . 1350 90 198 438 Siege Activations 1 | . . . . . . . . 1 Total Turns 18 | . . . . . . . . 18 Longest Duration 18 | . . . . . . . . 18 Robots Corrupted 1 | . . . . . 1 . . . Combat Hostiles 1 | . . . . . 1 . . . Parts Fried 2 | . . . . . 2 . . . Impact Corruptions . | . . . . . . . . . Robots Melted . | . . . . . . . . . Combat Hostiles . | . . . . . . . . . Parts Melted 3 | . 2 . . . 1 . . . Heat Transferred 2375 | 100 875 . . . 1400 . . . Parts Sabotaged . | . . . . . . . . . Parts Stolen . | . . . . . . . . . Parts Stripped . | . . . . . . . . . Power Chain Reactions . | . . . . . . . . . Missiles Intercepted . | . . . . . . . . . Alert | -11 -10 -10 -10 -9 -8 -8 -8 -7 ------- Run | Jun Mat Min Exi Min Mat Gar Mat Fac Peak Influence 838 | 10 272 331 . 5 593 838 682 493 Initial 408 | . 6 72 . . . 359 408 219 Average 272 | 5 153 223 . 4 208 582 548 369 Maximum Alert Level 3 | . 1 1 . . 2 3 2 2 Low Security (%) 41 | 100 73 31 . 100 49 . . . Level 1 32 | . 26 68 . . 40 12 . 60 Level 2 23 | . . . . . 9 69 100 39 Level 3 2 | . . . . . . 17 . . Level 4 . | . . . . . . . . . Level 5 . | . . . . . . . . . High Security . | . . . . . . . . . Max Security . | . . . . . . . . . Squads Dispatched 23 | . 3 1 . . 12 . 3 4 Investigation 10 | . 2 1 . . 5 . 2 . Extermination 1 | . . . . . . . . 1 Reinforcement 7 | . 1 . . . 2 . 1 3 Assault 1 | . . . . . 1 . . . Garrison 4 | . . . . . 4 . . . Intercept . | . . . . . . . . . Searches Triggered . | . . . . . . . . . Construction Impeded 1 | . . . . . . . . 1 Haulers Reinforced 1 | . . . . . . . . 1 Active Scanning Responses . | . . . . . . . . . Cargo Convoy Interrupts 1 | . . . . . . . . 1 Stealth | -11 -10 -10 -10 -9 -8 -8 -8 -7 --------- Run | Jun Mat Min Exi Min Mat Gar Mat Fac Distress Signals 5 | . . 1 . . 3 . . 1 Communications Jammed . | . . . . . . . . . Distress Signals . | . . . . . . . . . Times Spotted 162 | . 28 14 . . 63 17 6 34 Peak Tracking Total 13 | . 3 3 . . 4 4 3 13 Tactical Retreats 5 | . 2 . . . 2 1 . . Traps | -11 -10 -10 -10 -9 -8 -8 -8 -7 ------- Run | Jun Mat Min Exi Min Mat Gar Mat Fac Traps Triggered 13 | . 4 . . . 3 1 1 4 Indirectly . | . . . . . . . . . Trap Hack Attempts . | . . . . . . . . . Triggered . | . . . . . . . . . Disarmed . | . . . . . . . . . Reprogrammed . | . . . . . . . . . Reused . | . . . . . . . . . Traps Extracted . | . . . . . . . . . Installed . | . . . . . . . . . Triggered . | . . . . . . . . . Machines | -11 -10 -10 -10 -9 -8 -8 -8 -7 ---------- Run | Jun Mat Min Exi Min Mat Gar Mat Fac Machines Disabled 17 | . . 4 . . 1 6 2 4 Max in Single Turn 4 | . . 4 . . 1 2 1 3 Garrison Relay 4 | . . . . . . 4 . . Phase Generator 1 | . . . . . . 1 . . Machines Repaired . | . . . . . . . . . Machines Sabotaged . | . . . . . . . . . Overloaded Fab Kills . | . . . . . . . . . Hacking | -11 -10 -10 -10 -9 -8 -8 -8 -7 --------- Run | Jun Mat Min Exi Min Mat Gar Mat Fac Machines Accessed 30 | . 8 1 1 1 10 3 5 1 Terminals 20 | . 6 . . 1 7 3 2 1 Fabricators . | . . . . . . . . . Repair Stations 1 | . . . . . . . 1 . Recycling Units 6 | . 2 . . . 2 . 2 . Scanalyzers . | . . . . . . . . . Garrison Access 1 | . . . . . 1 . . . Total Hacks 90 | . 22 1 4 3 33 6 18 3 Successful 48 | . 13 1 4 . 16 2 11 1 Failed 42 | . 9 . . 3 17 4 7 2 Catastrophic 9 | . 1 . . 2 3 1 2 . Database Lockouts . | . . . . . . . . . Manual 36 | . 10 . . 3 14 1 8 . Terminals 68 | . 17 . . 3 27 6 12 3 Fabricators . | . . . . . . . . . Repair Stations 3 | . . . . . . . 3 . Recycling Units 13 | . 5 . . . 5 . 3 . Scanalyzers . | . . . . . . . . . Garrison Access 1 | . . . . . 1 . . . Terminal Hacks 29 | . 7 1 4 . 10 2 4 1 Record 4 | . . . 4 . . . . . Part Schematic 3 | . 2 . . . . . 1 . Robot Analysis 1 | . . . . . 1 . . . Prototype ID Bank 5 | . 1 . . . 1 . 2 1 Open Door 2 | . . 1 . . . 1 . . Branch Access Points 2 | . . . . . 1 . 1 . Emergency Access Points 1 | . . . . . 1 . . . Terminal Index 2 | . 1 . . . 1 . . . Locate Traps 4 | . 3 . . . 1 . . . Transport Status 1 | . . . . . 1 . . . Hauler Manifests 2 | . . . . . 2 . . . Registered Components 1 | . . . . . 1 . . . Patrol Navigation 1 | . . . . . . 1 . . Fabricator Hacks . | . . . . . . . . . Repair Station Hacks 2 | . . . . . . . 2 . Scan Component 1 | . . . . . . . 1 . Repair 1 | . . . . . . . 1 . Recycling Unit Hacks 3 | . 1 . . . 1 . 1 . Retrieve Components 3 | . 1 . . . 1 . 1 . Scanalyzer . | . . . . . . . . . Garrison Access Hacks 1 | . . . . . 1 . . . Unlock Access 1 | . . . . . 1 . . . Unauthorized Hacks 13 | . 5 . . . 4 . 4 . Terminals 8 | . 3 . . . 2 . 3 . Track 6 | . 2 . . . 2 . 2 . Operators 2 | . 1 . . . . . 1 . Fabricators . | . . . . . . . . . Repair Stations . | . . . . . . . . . Recycling Units 5 | . 2 . . . 2 . 1 . Tunnel 5 | . 2 . . . 2 . 1 . Scanalyzers . | . . . . . . . . . Garrison Access . | . . . . . . . . . Data Cores Recovered . | . . . . . . . . . Used . | . . . . . . . . . Hacking Detections 23 | . 6 . . 1 9 3 3 1 Full Trace Events 3 | . 1 . . . 1 . 1 . Feedback Events . | . . . . . . . . . Feedback Blocked . | . . . . . . . . . Robot Schematics Acquired . | . . . . . . . . . Robots Built . | . . . . . . . . . Authchips . | . . . . . . . . . Time . | . . . . . . . . . Total Robot Build Rating . | . . . . . . . . . Part Schematics Acquired 2 | . 2 . . . . . . . Parts Built . | . . . . . . . . . Authchips . | . . . . . . . . . Time . | . . . . . . . . . Total Part Build Rating . | . . . . . . . . . Parts Repaired . | . . . . . . . . . Time 32 | . . . . . . . 32 . Parts Recycled . | . . . . . . . . . Recycled Matter . | . . . . . . . . . Retrieved Matter . | . . . . . . . . . Retrieved Components 10 | . 1 . . . 9 . . . Parts Scanalyzed . | . . . . . . . . . Part Schematics Acquired . | . . . . . . . . . Parts Damaged . | . . . . . . . . . Bothacking | -11 -10 -10 -10 -9 -8 -8 -8 -7 ------------ Run | Jun Mat Min Exi Min Mat Gar Mat Fac Used RIF Installer 1 | . . . . . . 1 . . Robots Hacked . | . . . . . . . . . Non-combat . | . . . . . . . . . Combat . | . . . . . . . . . Robot Hacks Applied . | . . . . . . . . . Relay Couplers Released 15 | . . . . . . 15 . . Machine Destruction 15 | . . . . . . 15 . . Attached 1 | . . . . . . . . 1 Fabnet Peak Effective % . | . . . . . . . . . Robots Rewired . | . . . . . . . . . Allies Hacked . | . . . . . . . . . Hacks Repelled . | . . . . . . . . . Allies | -11 -10 -10 -10 -9 -8 -8 -8 -7 -------- Run | Jun Mat Min Exi Min Mat Gar Mat Fac Total Allies 1 | . . . . . . 1 . . Largest Group 1 | . . . . . . 1 . . Highest-Rated Group 20 | . . . . . . 20 . . Highest-Rated Ally 20 | . . . . . . 20 . . Total Orders 3 | . . . . . . 3 . . ROAM 1 | . . . . . . 1 . . EXPLORE 2 | . . . . . . 2 . . Ally Attacks 16 | . . . . . 5 11 . . Total Damage . | . . . . . . . . . Kills . | . . . . . . . . . Allies Corrupted . | . . . . . . . . . Allies Melted . | . . . . . . . . . Intel | -11 -10 -10 -10 -9 -8 -8 -8 -7 ------- Run | Jun Mat Min Exi Min Mat Gar Mat Fac Robot Analysis Total 1 | . . . . . 1 . . . Derelict Logs Recovered 1 | . . . . 1 . . . . Drone Launches 16 | . . . . . 6 10 . . Drone Recoveries . | . . . . . . . . . Exploration | -11 -10 -10 -10 -9 -8 -8 -8 -7 ------------- Run | Jun Mat Min Exi Min Mat Gar Mat Fac Turns Passed 7797 | 93 1579 570 304 432 2504 985 480 850 Spaces Moved 3746 | 63 786 306 161 225 996 533 267 409 Core 16 | 16 . . . . . . . . Treads 1393 | . 221 . . . 705 465 . 2 Legs 1395 | 47 545 130 161 225 287 . . . Wheels 942 | . 20 176 . . 4 68 267 407 Hover . | . . . . . . . . . Flight . | . . . . . . . . . Fastest Speed 50 | 50 110 110 190 190 120 120 120 135 Average Speed 158 | 103 153 144 190 190 166 156 137 150 Slowest Speed 320 | 150 320 190 190 190 260 165 150 240 Overloaded Moves . | . . . . . . . . . Propulsion Burnouts . | . . . . . . . . . Robots Hopped . | . . . . . . . . . Cave-ins Triggered . | . . . . . . . . . Exploration Rate (%) 54 | 5 96 69 53 63 77 82 33 13 Regions Visited 8 Branch Regions 3 Pre-discovered Areas 8 | . 2 . 1 2 2 . 1 . Known Exits Taken 1 | . . . . . 1 . . . Unknown Exits Taken 6 | 1 1 1 1 1 . . 1 . Scrap Searched 1 | . . . . 1 . . . . Spaces Dug 18 | . 1 6 . . 5 . 3 3 Terrain Destroyed 147 | . 5 14 . . 5 73 3 47 Melee 10 | . . . . . 4 . 3 3 Projectile 3 | . 1 . . . 1 . . 1 AOE 133 | . 4 14 . . . 72 . 43 Terrain Rammed . | . . . . . . . . . Walls Destroyed . | . . . . . . . . . Machines Disabled . | . . . . . . . . . Actions | -11 -10 -10 -10 -9 -8 -8 -8 -7 --------- Run | Jun Mat Min Exi Min Mat Gar Mat Fac Total 4761 | 80 978 376 160 227 1468 619 325 528 Wait 178 | . 26 12 . . 96 15 12 17 Move 3737 | 62 785 305 160 224 995 531 266 409 Hop . | . . . . . . . . . Pick Up 76 | 7 10 4 . 1 36 4 7 7 Fast Attach 65 | 7 16 4 . . 25 5 . 8 Attach 35 | . 3 2 . . 22 2 1 5 Detach 10 | . 4 . . . 5 1 . . Swap 65 | . 16 4 . . 27 4 4 10 Drop 90 | . 15 6 . . 48 8 4 9 Fire 470 | 4 103 39 . 2 209 25 28 60 Melee 26 | . . . . . 5 15 3 3 Ram . | . . . . . . . . . Kick . | . . . . . . . . . Crush . | . . . . . . . . . Escape Stasis 9 | . . . . . . 9 . . Rewire . | . . . . . . . . . Trap . | . . . . . . . . . Miscellaneous . | . . . . . . . . . Route ------- -11/Junkyard -10/Materials (discovered 5 exits: [*Mat x3] / *Min x2) -10/Mines (discovered 2 exits: [*Mat] / *Exi) -10/Exiles -9/Mines -8/Materials (discovered 4 exits: *Fac / *Sto x2 / Gar) -8/Garrison (discovered 2 exits: *Mat x2) -8/Materials (discovered 2 exits: *Fac / Sto) -7/Factory History --------- Turn | Location | Event 17 | -11/Junkyard | Discovered new exit (range 16) 94 | -11/Junkyard | Entered Materials 200 | -10/Materials | Discovered new exit (range 16) 314 | -10/Materials | Build established: Mutant 591 | -10/Materials | Discovered new exit (range 13) 781 | -10/Materials | Discovered new exit (range 13) 942 | -10/Materials | Discovered new exit (range 7) 1213 | -10/Materials | Discovered new exit (range 16) 1673 | -10/Materials | Entered Mines 1756 | -10/Mines | Discovered new exit (range 9) 1852 | -10/Mines | Found the Drone Emporium 1860 | -10/Mines | Found Prototype Device 1880 | -10/Mines | Assembled infested the area 1918 | -10/Mines | Met a Derelict shopkeep closing up shop 2123 | -10/Mines | Core integrity fell below 50% 2235 | -10/Mines | Deemed a non-threat by the Exiles lab entrance 2235 | -10/Mines | Discovered new exit (range 5) 2243 | -10/Mines | Entered Exiles 2291 | -10/Exiles | Met 8R-AWN 2321 | -10/Exiles | Met EX-HEX 2413 | -10/Exiles | Met EX-DEC 2447 | -10/Exiles | Learned location of Zion (-7) 2532 | -10/Exiles | Discovered new exit (range 10) 2547 | -10/Exiles | Entered Mines 2570 | -9/Mines | Met a Derelict bent on vengeance 2697 | -9/Mines | Learned location of Storage (-8) 2955 | -9/Mines | Discovered new exit (range 12) 2979 | -9/Mines | Entered Materials 2979 | -8/Materials | Evolved 4 slots: Propulsion x2, Utility x2 2983 | -8/Materials | Discovered new exit (range 8) 3035 | -8/Materials | Garrison activated, responded to threat 3222 | -8/Materials | Garrison activated, responded to threat 3295 | -8/Materials | Identified exit to Garrison 3297 | -8/Materials | Lost 7 parts (1p3n1u2w) 3308 | -8/Materials | Build established: Scavenger-Mutant 3376 | -8/Materials | Lost 3 parts (2u1w) 3627 | -8/Materials | Lost 4 parts (4n) 3670 | -8/Materials | Discovered new exit (range 16) 3748 | -8/Materials | Build established: Mutant 3846 | -8/Materials | Core integrity fell below 50% 4437 | -8/Materials | Build established: Scavenger-Mutant 4775 | -8/Materials | Identified exit to Storage 4796 | -8/Materials | Build established: Mutant 5127 | -8/Materials | Identified Bomb Drone Bay 5379 | -8/Materials | First assault squad dispatched 5483 | -8/Materials | Entered Garrison 5483 | -8/Garrison | Accompanied by 1 ally 5578 | -8/Garrison | Triggered checkpoint 5607 | -8/Garrison | Phase Generator disabled 5651 | -8/Garrison | Garrison Relay disabled 5684 | -8/Garrison | Triggered checkpoint 5696 | -8/Garrison | Triggered checkpoint 5793 | -8/Garrison | Garrison Relay disabled 5879 | -8/Garrison | Triggered checkpoint 5942 | -8/Garrison | Triggered checkpoint 6006 | -8/Garrison | Triggered checkpoint 6018 | -8/Garrison | Garrison Relay disabled 6056 | -8/Garrison | Discovered new exit (range 11) 6065 | -8/Garrison | Rescued a captive Derelict 6276 | -8/Garrison | Installed Relay Interface Framework 6292 | -8/Garrison | Triggered checkpoint 6411 | -8/Garrison | Garrison Relay disabled 6420 | -8/Garrison | Build established: Scavenger-Mutant 6436 | -8/Garrison | Discovered new exit (range 15) 6468 | -8/Garrison | Entered Materials 6573 | -8/Materials | Core integrity fell below 20% 6878 | -8/Materials | Discovered new exit (range 16) 6948 | -8/Materials | Entered Factory 6948 | -7/Factory | Evolved 2 slots: Utility x2 7362 | -7/Factory | Found Prototype Launcher 7362 | -7/Factory | Identified Rocket Array 7742 | -7/Factory | Cargo convoy interrupted 7794 | -7/Factory | Destroyed 12 combat bots 7796 | -7/Factory | Core integrity fell below 50% 7798 | -7/Factory | Self-destructed Last Messages --------------- 07782_ Ended siege mode. 07782_ Acquired 10 matter. 07783_ 14J43KEZF 07788_ Arm. Wheel destroyed. 07788_ Gauss Rifle destroyed. 07790_ K-01 Serf collects debris. 07790_ Slug penetrates L-41 Fighter. 07791_ K-01 Serf collects debris. 07791_ Imp. Heavy Treads destroyed. 07794_ K-01 Serf collects debris. 07794_ Slug penetrates L-41 Fighter. 07795_ K-01 Serf collects debris. 07795_ Lgt. Deuterium Engine destroyed. 07795_ U-05 Engineer builds a Wall. 07796_ The unstable cave ceiling collapses. 07796_ Slug penetrates P-60 Hacker. 07798_ K-01 Serf collects debris. 07798_ Critical hit (Burn: +37). Map ----- +----------------------------------------------------+ | ?????????????????????????????????????????????????? | | ?????????????????????????????????????????????????? | | ?????????????????????????????????????????????????? | | ?????????????????????????????????????????????????? | | ?????????????????????????????????????????????????? | | ?????????????????????????????????????????????????? | | ?????????????????????????????????????????????????? | | ?????????????????????????????????????????????????? | | ?????????????????????????????????????????????????? | | ??????????????????????? ???????????????????????? | | ????????????????????? ???????????????????????? | | ????????????????????# ???????????????????????? | | ????????????????????# ###????????????????????? | | ????????????????????# ?????? a???????????? | | ????????????????????# ^ ^ ???? #???????????"" | | ????????????????????# ??? #???????????"" | | ????????????????????# #???????????"" | | ????????????????????#!!! " [[= #???????????T? | | ????????????????????#!!! k" [[= #???????????"" | | ??????????????????###!!!^ """ [[ #####???????"" | | ??????????????????? """ ??????"" | | ????????????????????# """ ???????? | | ????????????????????# g ??????? | | ????????????????????# Y ! g! ??????? | | ????????????????????# !!= ??????? | | ????????????????????# =@;######## #????????????? | | ????????????????????# =/pl## #??????????????? | | ????????????????? !=!= =# #??????????????? | | ????????????? =!= # """#??????????????? | | ??????????? == # """# ?????????????? | | ???????????? = =%= # """# ?????????????? | | ???????????? /*!! # # ?????????????? | | ???????????? # =k[! """# ?????? ????? | | ????????????? ! [==## """# #####? ????? | | ????????????? #% ! T# """# # ?????? | | ?????????????? * ?# ! # # ??????? | | ?????????????? = ?# """# + ???????? | | ???????????????? # % ?# """# #????????? | | ?????????????????? #u ?# """# #????????? | | ????????????????????#u! ?# # #????????? | | ???????????????????## #####/### ########## | | ???????????????? ! | | ???????????????? % %[ | | ???????????????? """ "" | | ????????????????? """ "" | | ????????????????? ! """ "" | | ??????????????????### ############+### | | ????????????????????# ?????????? # """ "" | | ????????????????????# ????????? # """ "" | | ????????????????????# ???????? # """ "" | +----------------------------------------------------+ Best States ------------- Heat Dissipation 45 Energy Generation 16 Energy Capacity 290 Matter Stores 450 Matter Capacity 450 Sight Range 16 Terrain Scan Range 16 Terrain Scan Density 10 Armor Coverage 600 Weapon Shielding 33 Evasion (%) 55 Targeting Accuracy 8 Recoil Reduction 4 Salvage Targeting 1 Offensive Hacking 20 Relay Coupler Types 1 Relay Coupler Value 23 Trap Extractor Capacity 4 Item Schematics ----------------- Med. Storage Unit | -10/Materials | Hacked Propulsion Shielding | -10/Materials | Hacked Robot Schematics ------------------ None Fabricated ------------ Nothing Alien Tech Used ----------------- None Achievements -------------- None Challenges ------------ None Game ------ Seed DefenseAssembledAmplifier Manual? 0 Play Time 00:46:45 Cumulative 659.6 hours Start 2023.10.07 @ 15:23:20 End 2023.10.07 @ 16:08:45 Sessions 1 Manual Loads 0 Difficulty Rogue Special Mode None Game No. 410 Rogue 410 Adventurer 0 Explorer 0 Win Type - Total 9 Types 6/0/1/1/1/0/0/0/0 Lore% 87 Gallery% 90 Achievement% 74 Wizard Run 0 Options --------- ASCII 0 Keyboard 0 Movement Mouse Keybinds 1 Fullscreen 2 Font 24/Smallcaps Map View 68x50 Tactical HUD 1 Map Filters NONE Filters NONE Steam 1 RUN: beb1e41a-57e9-4153-8942-aa6959b43e1c